 Dungeon Crawl Stone Soup version 0.18.1-50-g88ac8fd (webtiles) character file.

583 Amnesiac the Slicer (level 7, 0/52 HPs)
             Began as a Merfolk Fighter on Mar 10, 2018.
             Was a Follower of Pakellas.
             Blown up by a great orb of eyes (14 damage)
             ... with a disintegration bolt
             ... on level 1 of the Abyss.
             The game lasted 00:04:13 (2883 turns).

Amnesiac the Slicer (Merfolk Fighter)               Turns: 2883, Time: 00:04:14

Health: 0/52       AC: 11    Str: 23    XL:     7   Next: 37%
Magic:  7/8        EV:  4    Int:  8    God:    Pakellas [*.....]
Gold:   68         SH:  9    Dex: 13    Spells: 0 memorised, 6 levels left

rFire  . . .     SeeInvis .     a - +0 rapier
rCold  . . .     Gourm    .     m - +0 plate armour
rNeg   . . .     Faith    .     c - +0 shield
rPois  .         Spirit   .     (no helmet)
rElec  .         Dismiss  .     (no cloak)
rCorr  .         Reflect  .     (no gloves)
SustAt .         Harm     .     (no boots)
MR     +....                    (no amulet)
Stlth  ..........               (no ring)
                                h - ring of protection from magic

@: mighty, flying, somewhat resistant to hostile enchantments, extremely
unstealthy
A: change form in water, swift swim
a: Quick Charge, Renounce Religion


You were on level 1 of the Abyss.
You worshipped Pakellas.
Pakellas was aware of your devotion.
You were very hungry.

You visited 1 branch of the dungeon, and saw 5 of its levels.
You visited the Abyss 1 time.

You collected 68 gold pieces.

Inventory:

Hand Weapons
 a - a +0 rapier (weapon)
Armour
 c - a +0 shield (worn)
 m - a +0 plate armour (worn)
Jewellery
 h - a ring of protection from magic (left hand)
Wands
 b - a wand of random effects (25/48)
Scrolls
 o - a scroll of magic mapping {!r}
Potions
 j - a potion of flight {!q}
Books
 k - a book of Alchemy

   Spells                             Type                      Level
   a - Sublimation of Blood           Necromancy                   2
   b - Ignite Poison                  Fire/Transmutation/Poison    3
   c - Petrify                        Transmutation/Earth          4
   d - Alistair's Intoxication        Transmutation/Poison         5
   e - Irradiate                      Conjuration/Transmutation    5
 l - a book of Ice

   Spells                             Type                      Level
   a - Ice Form                       Ice/Transmutation            4
   b - Metabolic Englaciation         Hexes/Ice                    5
   c - Ozocubu's Refrigeration        Ice                          6
   d - Bolt of Cold                   Conjuration/Ice              6
   e - Freezing Cloud                 Conjuration/Ice/Air          6
   f - Simulacrum                     Ice/Necromancy               6
Comestibles
 f - a bread ration


   Skills:
 - Level 3.2 Fighting
 - Level 8.1 Short Blades
 - Level 3.3 Armour
 - Level 3.0 Shields
 + Level 1.8 Evocations


You had 6 spell levels left.
You didn't know any spells.

Dungeon Overview and Level Annotations

Branches:
Dungeon (5/15)             Temple (0/1) D:5

Altars:
Pakellas

Annotations:
D:1 Crazy Yiuf


Message History

You hit the small abomination but do no damage.
The small abomination is almost destroyed.
The small abomination hits you but does no damage.
You completely miss the small abomination.
The small abomination is almost destroyed.
You feel less woody.
You block the small abomination's attack.
Wield which item (- for none, * to show all)? (? for menu, Esc to quit)
a - a +0 rapier (weapon)
You hit the small abomination.
You destroy the small abomination!
Pakellas accepts your kill.
Your Armour skill increases to level 3!
You start resting.
A small abomination comes into view.
Drink which item? (? for menu, Esc to quit)
Really quaff
b - a white potion {!q}?
It was a potion of cure mutation {!q}.
It has a very clean taste.
The small abomination hits you but does no damage.
Drink which item? (? for menu, Esc to quit)
Really quaff
j - 2 murky emerald potions {!q}?
It was a potion of flight {!q}.
You feel very buoyant.
You fly up into the air.
You block the small abomination's attack.
A spatial vortex comes into view.
The spatial vortex moves out of view.
Drink which item? (? for menu, Esc to quit)
Really quaff
e - a purple potion {!q}?
It was a potion of heal wounds {!q}.
You feel much better. The small abomination hits you!
A spatial vortex comes into view.
Drink which item? (? for menu, Esc to quit)
Really quaff
d - a potion of might {!q}?
You feel very mighty all of a sudden.
You block the small abomination's attack.
You hit the small abomination.
The small abomination is moderately damaged.
The small abomination hits you!
You puncture the small abomination!
The small abomination is severely damaged.
The small abomination hits you!!
* * * LOW HITPOINT WARNING * * *
You puncture the small abomination!
You destroy the small abomination!
Pakellas accepts your kill.
You can now spend your magic to charge your devices.
Pakellas grants you a gift!
Your Evocations skill increases to level 1!
A great orb of eyes comes into view.
b - a wand of random effects (26/48)
The great orb of eyes gazes at you. You resist with significant effort.
Evoke which item? (* to show all) (? for menu, Esc to quit)
Zapping:
b - a wand of random effects (26/48)
Press: ? - help, Shift-Dir - straight line, f - great orb of eyes
Aim: a great orb of eyes The great orb of eyes seems to speed up.
This wand has 25 charges left.
You completely miss the great orb of eyes.
The great orb of eyes gazes at you.
You are blasted!
You die...
Pakellas says: Time to find a new assistant...

. . # # # ### ##..
#.#... # #
#.#.#..# .#
#.G...## ## # #@#.
...
##.##.####.#....
#.§............#
#.#!######.#.##..#
. ##. ∩ ....#. # .
. . ...##.. .. ...
...v .. ..v..#
##.. #... . .....#


You could see a great orb of eyes and a spatial vortex.

Vanquished Creatures
  2 ogres (D:5)
  A phantom (D:5)
  2 small abominations (Abyss:1)
  2 hounds (D:4)
  A worker ant (D:4)
  A hound skeleton (D:4)
  5 adders
  2 oozes
  A worm (D:2)
  A dart slug (D:1)
  2 giant cockroaches
  2 goblins (D:1)
  2 hobgoblins
  4 bats
  A giant gecko skeleton (D:4)
  4 giant newts
  4 kobolds
  9 rats
46 creatures vanquished.

Notes
Turn   | Place    | Note
--------------------------------------------------------------
     0 | D:1      | Amnesiac the Merfolk Fighter began the quest for the Orb.
     0 | D:1      | Reached XP level 1. HP: 18/18 MP: 1/1
   193 | D:2      | Reached skill level 3 in Short Blades
   193 | D:2      | Reached XP level 2. HP: 10/24 MP: 2/2
   459 | D:2      | Reached skill level 4 in Short Blades
   459 | D:2      | Reached XP level 3. HP: 21/29 MP: 3/3
   729 | D:2      | Reached skill level 5 in Short Blades
   763 | D:3      | Reached XP level 4. HP: 35/35 MP: 4/4
  1051 | D:4      | Reached skill level 6 in Short Blades
  1087 | D:4      | Reached XP level 5. HP: 38/41 MP: 5/5
  1611 | D:5      | Entered Level 5 of the Dungeon
  1611 | D:5      | Noticed an ogre
  1622 | D:5      | Killed an ogre
  1622 | D:5      | Reached skill level 7 in Short Blades
  1622 | D:5      | Reached XP level 6. HP: 47/47 MP: 6/6
  1716 | D:5      | Reached skill level 8 in Short Blades
  1862 | D:5      | Noticed a phantom
  1882 | D:5      | Found an oddly glowing altar of Pakellas.
  1886 | D:5      | Became a worshipper of Pakellas the Inventive
  1917 | D:5      | Killed a phantom
  2084 | D:1      | Reached XP level 7. HP: 48/52 MP: 7/7
  2693 | D:2      | Noticed Crazy Yiuf
  2728 | D:1      | Cast into level 1 of the Abyss (Crazy Yiuf)
  2873 | Abyss:1  | Noticed a spatial vortex
  2875 | Abyss:1  | Noticed a spatial vortex
  2880 | Abyss:1  | Reached * piety under Pakellas
  2880 | Abyss:1  | Received a gift from Pakellas
  2880 | Abyss:1  | Reached skill level 1 in Evocations
  2881 | Abyss:1  | Noticed a great orb of eyes
  2883 | Abyss:1  | Blown up by a great orb of eyes

Skill      XL: |  1  2  3  4  5  6  7 |
---------------+----------------------+-----
Short Blades   | 3 4 5 6 7 8 |  8.1
Armour         | 3 |  3.3
Evocations     | 1 |  1.8
Fighting       | |  3.2
Shields        | |  3.0

Action                   |  1- 3 |  4- 6 |  7- 9 || total
-------------------------+-------+-------+-------++-------
Melee: Rapier            |    73 |   133 |    41 ||   247
       Unarmed           |       |       |    22 ||    22
Evoke: Wand              |       |       |     1 ||     1
  Use: Scroll            |       |     4 |     1 ||     5
       Potion            |       |     2 |     5 ||     7
  Eat: Beef jerky        |       |     1 |       ||     1
       Chunk             |       |     3 |     2 ||     5
Armor: Scale mail        |    32 |       |       ||    32
       Plate armour      |     3 |    71 |    16 ||    90
       Skin              |       |     1 |     7 ||     8
Dodge: Dodged            |    11 |    15 |     4 ||    30
Block: Shield            |    32 |    46 |    22 ||   100
